Map: Вечная империя РВ

Players

Lopatqa - Winner!

  • Race: Terran Terran
  • Spawn Location: 1:00

Kantara

  • Race: Protoss Protoss
  • League: Diamond
  • Spawn Location: 7:00

VOD

Have the link to the VOD?

Description

Time

  • Played on: Nov. 14, 2020, 7:57 p.m.
  • Length: 5:47
Show
View Real Time Build Order
Export as new Build Order

Lopatqa Terran - Winner!

Build Orders: Reaper Expand 

Get SALT Encoding   

  12  0:01  SCV  
  13  0:13  SCV  
  14  0:23  Supply Depot  
  14  0:25  SCV  
  15  0:45  SCV  
  15  0:46  Barracks  
  15  0:48  Refinery  
  16  0:57  SCV  
  17  1:09  SCV  
  18  1:21  SCV  
  19  1:34  Orbital Command  
  19  1:37  Reaper  
  20  1:48  Command Center  
  20  1:56  Barracks  
  20  1:57  Supply Depot  
  20  2:03  SCV  
  21  2:08  Refinery  
  21  2:17  Barracks Reactor  
  21  2:19  SCV  
  22  2:30  Factory  
  22  2:31  SCV  
  23  2:43  SCV  
  24  2:55  SCV  
  25  2:59  Barracks Tech Lab, Marine x2  
  27  3:07  SCV  
  28  3:16  Factory Reactor, Starport  
  28  3:18  Marine x3  
  31  3:20  SCV  
  31  3:23  Orbital Command  
  32  3:28  Stimpack  
  32  3:32  SCV  
  33  3:41  Marine x3  
  34  3:46  SCV  
  37  3:50  SCV  
  38  3:58  Marine, SCV  
  38  3:59  Marine x2  
  38  4:02  Medivac x2  
  46  4:05  Supply Depot  
  46  4:27  Marine x3, SCV x2  
  46  4:28  Supply Depot  
  51  4:33  Engineering Bay x2  
  51  4:37  Medivac, Barracks  
  53  4:42  SCV  
  53  4:44  Refinery  
  54  4:47  Refinery  
  54  4:48  Factory Reactor  
  54  4:49  Medivac  
  54  4:50  SCV  
  57  4:55  SCV  
  57  4:56  Supply Depot  
  58  5:02  SCV  
  59  5:10  SCV  
  59  5:11  Marine x2  
  62  5:18  Marine, SCV  
  62  5:20  Supply Depot  
  64  5:22  SCV  
  65  5:34  Factory Tech Lab  
Show
View Real Time Build Order
Export as new Build Order

Kantara Protoss 

Build Orders: 1 Gate Expand, Phoenix Opening 

Get SALT Encoding   

  12  0:00  Probe  
  13  0:12  Probe  
  14  0:17  Pylon  
  14  0:24  Probe (Chrono Boost)  
  15  0:37  Probe (Chrono Boost)  
  15  0:38  Gateway  
  16  0:43  Probe (Chrono Boost)  
  16  0:46  Assimilator  
  17  0:52  Probe  
  18  1:04  Probe  
  19  1:16  Probe  
  20  1:28  Probe  
  21  1:38  Nexus  
  21  1:40  Probe  
  22  1:51  Cybernetics Core  
  22  1:53  Probe  
  23  1:55  Assimilator  
  23  2:01  Pylon  
  23  2:19  Probe (Chrono Boost)  
  24  2:25  Stalker (Chrono Boost)  
  27  2:31  Probe (Chrono Boost)  
  27  2:36  Probe (Chrono Boost), Stargate  
  28  2:45  Probe  
  28  2:47  Stalker  
  30  2:58  Probe  
  29  3:01  Probe  
  30  3:12  Warp Gate  
  31  3:13  Probe x2 (Chrono Boost)  
  31  3:19  Assimilator  
  32  3:22  Phoenix  
  32  3:24  Probe (Chrono Boost)  
  32  3:26  Probe (Chrono Boost)  
  36  3:29  Probe (Chrono Boost)  
  38  3:34  Probe (Chrono Boost)  
  38  3:35  Pylon  
  39  3:45  Probe (Chrono Boost)  
  39  3:46  Probe (Chrono Boost)  
  39  3:47  Phoenix  
  42  4:00  Robotics Facility  
  43  4:03  Probe (Chrono Boost)  
  43  4:08  Probe (Chrono Boost), Sentry  
  46  4:13  Assimilator  
  46  4:15  Probe (Chrono Boost)  
  46  4:16  Probe (Chrono Boost), Shield Battery  
  48  4:17  Phoenix  
  50  4:27  Probe (Chrono Boost)  
  50  4:30  Probe (Chrono Boost)  
  52  4:34  Pylon  
  53  4:38  Probe (Chrono Boost)  
  53  4:42  Probe (Chrono Boost)  
  56  4:52  Probe x2  
  56  4:59  Observer  
  57  5:00  Nexus  
  57  5:03  Pylon  
  57  5:04  Phoenix  
  57  5:05  Probe  
  60  5:09  Robotics Bay  
  60  5:12  Pylon  
  60  5:15  Probe  
  60  5:17  Probe  
  62  5:27  Probe  
  63  5:29  Probe  
  63  5:30  Shield Battery  
  56  5:44  Stalker  
Tags
 
Add a new tag
Caveats
  • Supply blocks, unpowered buildings, or Contaminate may cause inaccurate times.
  • Supply counts are checked every 10 seconds.